 Dungeon Crawl Stone Soup version 0.21.1-1-g345015f (webtiles) character file.

1718 troglodite the Slasher (level 8, -2/64 HPs)
             Began as a Demonspawn Berserker on Mar 13, 2018.
             Was an Elder of Trog.
             Slain by a killer bee (3 damage)
             ... on level 7 of the Dungeon.
             The game lasted 00:19:47 (5983 turns).

troglodite the Slasher (Demonspawn Berserker)       Turns: 5983, Time: 00:19:47

Health: -2/64      AC: 17    Str: 18    XL:     8   Next: 75%
Magic:  0/8        EV:  7    Int:  8    God:    Trog [****..]
Gold:   152        SH:  0    Dex: 18    Spells: 7/7 levels left

rFire    . . .     SeeInvis .   a - +0 falchion
rCold    . . .     Gourm    .   (no shield)
rNeg     . . .     Faith    .   i - +0 plate armour
rPois    .         Spirit   +   u - +0 helmet
rElec    .         Reflect  .   v - +0 cloak
rCorr    .         Harm     .   n - +0 pair of gloves
MR       ++...                  j - +0 pair of boots (curse)
Stlth    ..........             (no amulet)
HPRegen  1.20/turn              p - +3 ring of dexterity
MPRegen  0.22/turn              (no ring)

@: lethally poisoned (-2 -> -3), berserk cooldown, regenerating, drained
A: claws 2, powered by death 1, magic shield, magic regeneration
a: Berserk, Trog's Hand, Brothers in Arms, Burn Spellbooks, Renounce Religion


You were on level 7 of the Dungeon.
You worshipped Trog.
Trog was greatly pleased with you.
You were not hungry.

You visited 1 branch of the dungeon, and saw 7 of its levels.

You collected 404 gold pieces.
You spent 252 gold pieces at shops.

Inventory:

Hand Weapons
 a - a +0 falchion (weapon)
Armour
 i - a +0 plate armour (worn)
 j - a cursed +0 pair of boots (worn)
 n - a +0 pair of gloves (worn)
 u - a +0 helmet (worn)
 v - a +0 cloak (worn)
Jewellery
 p - a +3 ring of dexterity (left hand)
Wands
 h - a wand of paralysis (15)
 w - a wand of polymorph (10)
 x - a wand of flame (24)
Scrolls
 b - 2 scrolls of identify
 d - 4 scrolls of magic mapping
 e - a scroll of random uselessness {unknown}
 f - 4 scrolls of blinking {unknown}
 k - 2 scrolls of teleportation
 l - 2 scrolls of enchant weapon
 o - a scroll of noise {unknown}
 q - a scroll of amnesia {unknown}
 s - a scroll of fear {unknown}
Potions
 g - 3 potions of lignification
 m - a potion of resistance
 r - 3 potions of might
Comestibles
 c - 11 rations


   Skills:
 * Level 6.0(5.9) Fighting
 + Level 6.5(6.4) Long Blades
 * Level 5.7(5.6) Armour
 * Level 4.2(4.1) Dodging
 + Level 0.9(0.8) Stealth


You had 7 spell levels left.
You didn't know any spells.

Dungeon Overview and Level Annotations

Branches:
Dungeon (7/15)             Temple (0/1) D:6

Altars:
Cheibriados
Dithmenos
Hepliaklqana
Qazlal
Ru
Sif Muna
Vehumet

Shops:
D:5 *


Innate Abilities, Weirdness & Mutations

You have very sharp fingernails.
You regenerate a little health from kills.
When hurt, damage is shared between your health and your magic reserves.
You regenerate magic rapidly.


Message History

The killer bee stings you but does no damage.
You feel sick. The killer bee stings you.
* * * LOW HITPOINT WARNING * * *
The orc hits you with a morningstar.
* * * LOW HITPOINT WARNING * * *
The killer bee stings you but does no damage.
Found a stone staircase leading up.
You are too injured to fight recklessly!
Unknown command.
You are too injured to fight recklessly!
Unknown command.
You are too injured to fight recklessly!
You are too injured to fight recklessly!
Unknown command.
You are too injured to fight recklessly!
Unknown command.
You miss the killer bee.
* * * LOW HITPOINT WARNING * * *
You feel sick. The killer bee stings you.
You die...

#.......#####........#
#.####...............#
#.....................
#######.....[........
##.....o.......
######l#.....#
#yy..##.## ####yy###
.. #...@o# #..#....<#
#. #)....# #. #.....#
# #......... #.#####
#........# .......
###.####.###.....# ..
........... ##.......#


You could see 4 killer bees, 2 orcs and a leopard gecko.

Vanquished Creatures
  The ghost of Mirai the Conjurer, an amateur DrCj (D:3)
  Duvessa (D:6)
  2 orc warriors (D:6)
  A phantom (D:6)
  3 ogres
  A centaur (D:5)
  A bullfrog (D:6)
  Dowan (D:6)
  A killer bee (D:7)
  A wight (D:7)
  2 crimson imps
  A hound (D:7)
  7 orc priests
  2 jellies (D:6)
  A worker ant (D:6)
  Robin (D:4)
  5 adders
  5 gnolls
  2 oozes
  An adder zombie (D:5)
  An adder skeleton (D:5)
  A worm (D:3)
  A dart slug (D:2)
  5 leopard geckos
  18 orcs
  10 bats
  6 giant cockroaches
  16 goblins
  9 hobgoblins
  6 jackals
  6 kobolds
  4 quokkas
  2 ball pythons (D:3)
  3 frilled lizards
  A jackal zombie (D:5)
  7 rats
136 creatures vanquished.

Notes
Turn   | Place    | Note
-------+----------+-------------------------------------------
     0 | D:1      | troglodite the Demonspawn Berserker began the quest for the Orb.
     0 | D:1      | Reached XP level 1. HP: 18/18 MP: 1/1
   212 | D:1      | Gained mutation: You have sharp fingernails. [demonic ancestry]
   212 | D:1      | Reached XP level 2. HP: 21/24 MP: 2/2
   471 | D:1      | Reached XP level 3. HP: 26/29 MP: 3/3
  1055 | D:2      | Found a snail-covered altar of Cheibriados.
  1109 | D:2      | Found a hazy altar of Hepliaklqana.
  1132 | D:2      | Reached ** piety under Trog
  1235 | D:2      | Found a shadowy altar of Dithmenos.
  1254 | D:2      | You fall through a shaft!
  1268 | D:3      | Gained mutation: When hurt, damage is shared between your health and your magic reserves. [demonic ancestry]
  1268 | D:3      | Reached XP level 4. HP: 24/37 MP: 4/4
  1335 | D:3      | Noticed Mirai's ghost (amateur DrCj)
  1437 | D:3      | Killed Mirai's ghost
  1437 | D:3      | Gained mutation: You regenerate magic rapidly. [demonic ancestry]
  1437 | D:3      | Reached XP level 5. HP: 43/43 MP: 3/5
  1437 | D:3      | Gained mutation: You regenerate a little health from kills. [demonic ancestry]
  1437 | D:3      | Reached XP level 6. HP: 49/49 MP: 3/6
  2697 | D:3      | Reached *** piety under Trog
  3186 | D:4      | Noticed Robin
  3200 | D:4      | Killed Robin
  3249 | D:4      | Found a sacrificial altar of Ru.
  3257 | D:4      | Found a radiant altar of Vehumet.
  3260 | D:4      | Found a deep blue altar of Sif Muna.
  3595 | D:5      | Entered Level 5 of the Dungeon
  3628 | D:5      | Reached skill level 5 in Long Blades
  3628 | D:5      | Gained mutation: You have very sharp fingernails. [demonic ancestry]
  3628 | D:5      | Reached XP level 7. HP: 42/55 MP: 4/7
  4105 | D:5      | Reached skill level 5 in Fighting
  4133 | D:5      | Found Lusyditsi's General Store.
  4142 | D:5      | Bought a scroll of enchant weapon for 90 gold pieces
  4142 | D:5      | Bought a scroll of teleportation for 36 gold pieces
  4142 | D:5      | Bought a potion of heal wounds for 60 gold pieces
  4142 | D:5      | Bought a scroll of magic mapping for 42 gold pieces
  4142 | D:5      | Bought a scroll of identify for 24 gold pieces
  4850 | D:6      | Found a staircase to the Ecumenical Temple.
  4962 | D:6      | Noticed Duvessa
  4963 | D:6      | Noticed Dowan
  4970 | D:6      | Reached XP level 8. HP: 62/62 MP: 6/8
  4980 | D:6      | Killed Duvessa
  5020 | D:6      | Killed Dowan
  5277 | D:6      | Reached skill level 5 in Armour
  5866 | D:7      | Reached **** piety under Trog
  5893 | D:7      | Found a stormy altar of Qazlal.
  5982 | D:7      | HP: 3/64 [killer bee (4)]
  5983 | D:7      | HP: 1/64 [poisoned by a killer bee]
  5983 | D:7      | Slain by a killer bee

Skill      XL: |  1  2  3  4  5  6  7  8 |
---------------+-------------------------+-----
Long Blades    | 3 4 5 6 |  6.5
Armour         | 2 3 4 5 |  5.7
Dodging        | 2 3 4 |  4.2
Fighting       | 4 5 6 |  6.0
Stealth        | |  0.9

Action                   |  1- 3 |  4- 6 |  7- 9 || total
-------------------------+-------+-------+-------++-------
Melee: Falchion          |    88 |   208 |   286 ||   582
Invok: Berserk           |     2 |     5 |     8 ||    15
       Burn Spellbooks   |       |       |     1 ||     1
       Trog's Hand       |       |       |     1 ||     1
  Use: Potion            |       |     3 |     3 ||     6
       Scroll            |       |       |     6 ||     6
  Eat: Chunk             |     2 |    13 |    10 ||    25
       Ration            |       |       |     2 ||     2
Armor: Animal skin       |    10 |       |       ||    10
       Plate armour      |    41 |   163 |   284 ||   488
Dodge: Dodged            |    57 |    85 |   169 ||   311
       Rpst.: Falchion   |    18 |    28 |    44 ||    90
